Workbook

Sheet April 2015
A1: Check Number | C1: Check Date | D1: Vendor Name | F1: Transaction Amount | T1: Description | U1: Account Name | V1: Department | W1: Division | X1: Object of Expenditure | Y1: Project Number
A2: 416559 | C2: 42101 | D2: BOB TOMES FORD | F2: 1655.63 | T2: AUTO/TRUCK MAINT. ITEMS | U2: PARTS | X2: AUTO/TRUCK MAINT. ITEMS
F6: 250.88 | T6: BLANKET PURCHASE ORDER | U6: AUTO MAINTENANCE | V6: EQUIPMENT SERVICES | W6: EQUIP SERV-SHARED | X6: BLANKET PURCHASE ORDER
A7: 416914 | C7: 42108 | F7: 20 | T7: AUTO BODIES & ACCESSORIES | U7: AUTO MAINTENANCE | V7: EQUIPMENT SERVICES | W7: EQUIP SERV-SHARED | X7: AUTO BODIES & ACCESSORIES
F8: 27.03 | T8: AUTO/TRUCK MAINT. ITEMS | U8: PARTS | X8: AUTO/TRUCK MAINT. ITEMS
F9: 625.69 | T9: BLANKET PURCHASE ORDER | U9: AUTO MAINTENANCE | V9: EQUIPMENT SERVICES | W9: EQUIP SERV-SHARED | X9: BLANKET PURCHASE ORDER
A13: 417344 | C13: 42115 | F13: 586.28 | T13: BLANKET PURCHASE ORDER | U13: AUTO MAINTENANCE | V13: EQUIPMENT SERVICES | W13: EQUIP SERV-SHARED | X13: BLANKET PURCHASE ORDER
A17: 417746 | C17: 42122 | F17: 83.75 | T17: AUTO/TRUCK MAINT. ITEMS | U17: PARTS | X17: AUTO/TRUCK MAINT. ITEMS
F18: 357 | T18: BLANKET PURCHASE ORDER | U18: AUTO MAINTENANCE | V18: EQUIPMENT SERVICES | W18: EQUIP SERV-SHARED | X18: BLANKET PURCHASE ORDER
L24: =SUM(hList_Frame_1!B1:B21) -> 3606.26
A26: 416915 | C26: 42108 | D26: BOB BARKER CO | F26: 195.84 | T26: PERSONAL HYGIENE&GROOMING | U26: DETENTION SUPPLIES | V26: JUVENILE PROBATION | W26: JUV DET -ADMIN | X26: PERSONAL HYGIENE&GROOMING
A27: 417747 | C27: 42122 | F27: 4822.8 | T27: CLOTHING AND APPAREL | U27: DETENTION SUPPLIES | V27: JUVENILE PROBATION | W27: JUV DET -ADMIN | X27: CLOTHING AND APPAREL
V28: SHERIFF'S OFFICE | W28: JAIL OPS-ADMIN
F29: 289.14 | T29: PERSONAL HYGIENE&GROOMING | U29: DETENTION SUPPLIES | V29: JUVENILE PROBATION | W29: JUV DET -ADMIN | X29: PERSONAL HYGIENE&GROOMING
L31: =SUM(hList_Frame_1!B22:B25) -> 5307.78
A33: 417345 | C33: 42115 | D33: ECOLAB INC | F33: 1039.8 | T33: BUTCHER/MEAT PROC. EQUIP. | U33: DETENTION SUPPLIES | V33: SHERIFF'S OFFICE | W33: JAIL OPS-ADMIN | X33: BUTCHER/MEAT PROC. EQUIP.
F34: 1142.4 | T34: JANITORIAL SUPPLIES-GEN. | U34: DETENTION SUPPLIES | V34: SHERIFF'S OFFICE | W34: JAIL OPS-ADMIN | X34: JANITORIAL SUPPLIES-GEN.
A36: 417748 | C36: 42122 | F36: 5525.5 | T36: JANITORIAL SUPPLIES-GEN. | U36: DETENTION SUPPLIES | V36: SHERIFF'S OFFICE | W36: JAIL OPS-ADMIN | X36: JANITORIAL SUPPLIES-GEN.
W37: MINIMUM SECURITY
L39: =SUM(hList_Frame_1!B26:B30) -> 7707.7
A41: 416560 | C41: 42101 | D41: MCKINNEY TIRE & APPLIANCE | F41: 618.5 | T41: APPLIANCES/EQUIP. & PARTS | U41: ONE-TIME BUDGET NON-CAP | V41: UNALLOCATED | W41: CAPITAL REPLACEMENT | X41: APPLIANCES/EQUIP. & PARTS
N43: =SUM(hList_Frame_1!B31:B31) -> 618.5
A45: 417749 | C45: 42122 | D45: GIBBS, GREGG M PC | F45: 1800 | T45: 366-50956-11 | U45: COURT APPOINTED ATTORNEY | V45: INDIGENT DEFENSE | W45: INDIGENT DEFENSE | X45: 366-50956-11 | Y45: ID366O
F46: 750 | T46: 416-51182-08 | U46: COURT APPOINTED ATTORNEY | V46: INDIGENT DEFENSE | W46: INDIGENT DEFENSE | X46: 416-51182-08 | Y46: ID416O
F47: 750 | T47: 417-70216-14 | U47: COURT APPOINTED ATTORNEY | V47: INDIGENT DEFENSE | W47: JUVENILE COURT-IND DEF | X47: 417-70216-14 | Y47: ID417J
L49: =SUM(hList_Frame_1!B32:B34) -> 3300
A51: 416916 | C51: 42108 | D51: XXXXXXX | F51: 10172.03 | T51: Details not available | U51: COURT APPOINTED ATTORNEY | V51: INDIGENT DEFENSE | W51: INDIGENT DEFENSE | X51: Details not available | Y51: MUR063
U52: MISCELLANEOUS | V52: INDIGENT DEFENSE | W52: INDIGENT DEFENSE | Y52: MUR063
J54: =SUM(hList_Frame_1!B35:B36) -> 10172.03
A56: 416561 | C56: 42101 | D56: POLLOCK PAPER DISTRIBUTORS | F56: 1215.24 | T56: PAPER/PLASTIC, DISPOSABLE | U56: JANITORIAL SUPPLIES | X56: PAPER/PLASTIC, DISPOSABLE
A57: 417750 | C57: 42122 | F57: 3198 | T57: PAPER/PLASTIC, DISPOSABLE | U57: JANITORIAL SUPPLIES | V57: SHERIFF'S OFFICE | W57: JAIL OPS-ADMIN | X57: PAPER/PLASTIC, DISPOSABLE
L59: =SUM(hList_Frame_1!B37:B38) -> 4413.24
A61: 416562 | C61: 42101 | D61: THOMASON TIRE INC | F61: 340 | T61: BLANKET PURCHASE ORDER | U61: HEAVY EQUIPMENT REPAIR | V61: EQUIPMENT SERVICES | W61: EQUIP SERV-SHARED | X61: BLANKET PURCHASE ORDER
N65: =SUM(hList_Frame_1!B39:B41) -> 340
A67: 416563 | C67: 42101 | D67: TEXOMA FIRE EQUIPMENT INC | F67: 175 | T67: MISC PROFESSIONAL SERVICE | U67: DIVE TEAM SUPPLIES | V67: SHERIFF'S OFFICE | W67: SO-ADMIN | X67: MISC PROFESSIONAL SERVICE
N69: =SUM(hList_Frame_1!B42:B42) -> 175
A71: 416564 | C71: 42101 | D71: TX STATE DIRECTORY | F71: 102.3 | T71: PUBLICATIONS/AUDIOVISUALS | U71: DUES & SUBSCRIPTIONS | V71: TAX ASSESSOR/COLLECTOR | W71: TAX A/C - ADMIN | X71: PUBLICATIONS/AUDIOVISUALS
A72: 416565 | C72: 42101 | F72: 54.4 | T72: PUBLICATIONS/AUDIOVISUALS | U72: DUES & SUBSCRIPTIONS | V72: ELECTIONS | W72: ELECTIONS-ADMIN | X72: PUBLICATIONS/AUDIOVISUALS
N74: =SUM(hList_Frame_1!B43:B44) -> 156.7
A76: 416566 | C76: 42101 | D76: WEST PUBLISHING CORPORATION | F76: 50 | T76: PUBLICATIONS/AUDIOVISUALS | U76: DUES & SUBSCRIPTIONS | V76: UNALLOCATED | W76: NON-DEPARTMENTAL | X76: PUBLICATIONS/AUDIOVISUALS
A77: 416917 | C77: 42108 | F77: 4285.01 | T77: MISC PROFESSIONAL SERVICE | U77: LIBRARY BOOKS | V77: DISTRICT ATTORNEY | W77: DA-ADMIN | X77: MISC PROFESSIONAL SERVICE
A79: 417346 | C79: 42115 | F79: 11642.39 | T79: MISC PROFESSIONAL SERVICE | U79: COMMUNICATION LINE LEASE | V79: BUDGET | W79: LAW LIBRARY-ADMIN | X79: MISC PROFESSIONAL SERVICE
U80: LIBRARY UPDATES | V80: BUDGET | W80: LAW LIBRARY-ADMIN
F81: 137 | T81: PUBLICATIONS/AUDIOVISUALS | U81: DUES & SUBSCRIPTIONS | V81: UNALLOCATED | W81: NON-DEPARTMENTAL | X81: PUBLICATIONS/AUDIOVISUALS
A84: 417751 | C84: 42122 | F84: 177 | T84: MISC PROFESSIONAL SERVICE | U84: LIBRARY BOOKS | V84: COUNTY COURTS | W84: CCL1-ADMIN | X84: MISC PROFESSIONAL SERVICE
J86: =SUM(hList_Frame_1!B45:B53) -> 16291.4
A88: 416567 | C88: 42101 | D88: PLANO POWER EQUIPMENT | F88: 63.19 | T88: BLANKET PURCHASE ORDER | U88: GROUNDS EQUIPMENT MAINT | V88: EQUIPMENT SERVICES | W88: EQUIP SERV-SHARED | X88: BLANKET PURCHASE ORDER
F89: 178.09 | T89: EQUIP MAINT-GENERAL EQUIP | U89: HEAVY EQUIPMENT REPAIR | V89: EQUIPMENT SERVICES | W89: EQUIP SERV-SHARED | X89: EQUIP MAINT-GENERAL EQUIP
A90: 417752 | C90: 42122 | F90: 569.32 | T90: EQUIP MAINT-GENERAL EQUIP | U90: GROUNDS EQUIPMENT MAINT | V90: EQUIPMENT SERVICES | W90: EQUIP SERV-SHARED | X90: EQUIP MAINT-GENERAL EQUIP
N92: =SUM(hList_Frame_1!B54:B56) -> 810.6
A94: 417347 | C94: 42115 | D94: GEBO CREDIT CORPORATION | F94: 2.98 | T94: BLANKET PURCHASE ORDER | U94: HEAVY EQUIPMENT REPAIR | V94: EQUIPMENT SERVICES | W94: EQUIP SERV-SHARED | X94: BLANKET PURCHASE ORDER
F95: 6.28 | T95: PLUMBING EQUIP./SUPPLIES | U95: PARTS | X95: PLUMBING EQUIP./SUPPLIES
S97: =SUM(hList_Frame_1!B57:B58) -> 9.26
A99: 416568 | C99: 42101 | D99: BEN E KEITH CO | F99: 725.55 | T99: EDIBLE FOODS, STAPLE | U99: JAIL FOOD | X99: EDIBLE FOODS, STAPLE
U100: MINIMUM SECURITY FOOD
F101: 677.9 | T101: FOODS, PERISHABLE | U101: JAIL FOOD | X101: FOODS, PERISHABLE
U102: MINIMUM SECURITY FOOD
F103: 272.58 | T103: FOODS, READY-TO-EAT | U103: JAIL FOOD | X103: FOODS, READY-TO-EAT
U104: MINIMUM SECURITY FOOD
F105: 46.74 | T105: PAPER/PLASTIC, DISPOSABLE | U105: MINIMUM SECURITY FOOD | X105: PAPER/PLASTIC, DISPOSABLE
A106: 416918 | C106: 42108 | F106: 3106.39 | T106: EDIBLE FOODS, STAPLE | U106: FOOD SUPPLIES | V106: JUVENILE PROBATION | W106: JUV DET -ADMIN | X106: EDIBLE FOODS, STAPLE
U107: JAIL FOOD
U108: MINIMUM SECURITY FOOD
F109: 677.28 | T109: FOODS, PERISHABLE | U109: JAIL FOOD | X109: FOODS, PERISHABLE
U110: MINIMUM SECURITY FOOD
F111: 49.56 | T111: FOODS, READY-TO-EAT | U111: MINIMUM SECURITY FOOD | X111: FOODS, READY-TO-EAT
F112: 46.74 | T112: PAPER/PLASTIC, DISPOSABLE | U112: MINIMUM SECURITY FOOD | X112: PAPER/PLASTIC, DISPOSABLE
A113: 417348 | C113: 42115 | F113: 31.02 | T113: CAFETERIA/KITCHEN EQUIP. | U113: MINIMUM SECURITY FOOD | X113: CAFETERIA/KITCHEN EQUIP.
F114: 205.62 | T114: EDIBLE FOODS, STAPLE | U114: MINIMUM SECURITY FOOD | X114: EDIBLE FOODS, STAPLE
F115: 280.24 | T115: FOODS, PERISHABLE | U115: MINIMUM SECURITY FOOD | X115: FOODS, PERISHABLE
F116: 146.31 | T116: FOODS, READY-TO-EAT | U116: MINIMUM SECURITY FOOD | X116: FOODS, READY-TO-EAT
F117: 1880.47 | T117: PO 181003 | U117: JAIL FOOD | X117: PO 181003
A118: 417753 | C118: 42122 | F118: 2164.81 | T118: EDIBLE FOODS, STAPLE | U118: FOOD SUPPLIES | V118: JUVENILE PROBATION | W118: JUV DET -ADMIN | X118: EDIBLE FOODS, STAPLE
U119: JAIL FOOD
U120: MINIMUM SECURITY FOOD
F121: 410.44 | T121: FOODS, PERISHABLE | U121: JAIL FOOD | X121: FOODS, PERISHABLE
U122: MINIMUM SECURITY FOOD
F123: 492.44 | T123: FOODS, READY-TO-EAT | U123: JAIL FOOD | X123: FOODS, READY-TO-EAT
U124: MINIMUM SECURITY FOOD
F125: 1194.8 | T125: FOODS:STAPLE GROCERY&GROC | U125: FOOD SUPPLIES | V125: JUVENILE PROBATION | W125: JUV DET -ADMIN | X125: FOODS:STAPLE GROCERY&GROC
F126: 58.76 | T126: HARDWARE: SHELF & ALLIED | U126: JAIL FOOD | X126: HARDWARE: SHELF & ALLIED
J128: =SUM(hList_Frame_1!B59:B86) -> 12467.65
A130: 417754 | C130: 42122 | D130: TX DEPT OF PUBLIC SAFETY | F130: 7 | T130: MISC PROFESSIONAL SERVICE | U130: CONTRACTED AGENCY PMTS | V130: FIRE MARSHAL | W130: FIRE MARSHAL-ADMIN | X130: MISC PROFESSIONAL SERVICE
A131: 417755 | C131: 42122 | F131: 5 | T131: MISC PROFESSIONAL SERVICE | U131: CONTRACTED AGENCY PMTS | V131: FIRE MARSHAL | W131: FIRE MARSHAL-ADMIN | X131: MISC PROFESSIONAL SERVICE
Q133: =SUM(hList_Frame_1!B87:B88) -> 12
A135: 417349 | C135: 42115 | D135: ROACH, JOHN R JR | F135: 1066.37 | T135: j roach-austin, tx | U135: EDUCATION & CONFERENCE | V135: DISTRICT COURTS | W135: 296-VETERANS COURT | X135: j roach-austin, tx
L137: =SUM(hList_Frame_1!B89:B89) -> 1066.37
A139: 416569 | C139: 42101 | D139: ALFORD INSURANCE AGENCY | F139: 355 | T139: FINANCIAL/ACCOUNTANCY SER | U139: NOTARY BONDS | V139: UNALLOCATED | W139: NON-DEPARTMENTAL | X139: FINANCIAL/ACCOUNTANCY SER
A144: 416919 | C144: 42108 | F144: 15.38 | T144: MISCELLANEOUS SERVICES | U144: SPECIAL DELIVERY SERVICE | V144: BUDGET | W144: SUPPORT SERVICES - SHARED | X144: MISCELLANEOUS SERVICES
A145: 417756 | C145: 42122 | F145: 142 | T145: FINANCIAL/ACCOUNTANCY SER | U145: NOTARY BONDS | V145: UNALLOCATED | W145: NON-DEPARTMENTAL | X145: FINANCIAL/ACCOUNTANCY SER
F147: 27.66 | T147: MISC PROFESSIONAL SERVICE | U147: SPECIAL DELIVERY SERVICE | V147: BUDGET | W147: SUPPORT SERVICES - SHARED | X147: MISC PROFESSIONAL SERVICE
N149: =SUM(hList_Frame_1!B90:B98) -> 540.04
A151: 416888 | C151: 42103 | D151: POSTMASTER MCKINNEY | F151: 220 | T151: OFFICE MACHINES | U151: POSTAGE | V151: BUDGET | W151: SUPPORT SERVICES - SHARED | X151: OFFICE MACHINES
N153: =SUM(hList_Frame_1!B99:B99) -> 220
A155: 416920 | C155: 42108 | D155: WHITE, JAMES | F155: 425 | T155: MISCELLANEOUS SERVICES | U155: CONTRACT LABOR | V155: CULTURE & RECREATION | W155: OPEN SPACE-ADMIN | X155: MISCELLANEOUS SERVICES
N157: =SUM(hList_Frame_1!B100:B100) -> 425
A159: 416921 | C159: 42108 | D159: BEHAVIORAL MEASURES & FORENSIC | F159: 1800 | T159: MISC PROFESSIONAL SERVICE | U159: PRE-EMPLOYMENT EXAM | V159: SHERIFF'S OFFICE | W159: SO-ADMIN | X159: MISC PROFESSIONAL SERVICE
L161: =SUM(hList_Frame_1!B101:B101) -> 1800
A163: 416570 | C163: 42101 | D163: C-C TROPHY & ENGRAVING INC | F163: 177.15 | T163: BLANKET PURCHASE ORDER | U163: SERVICE AWARDS | V163: HUMAN RESOURCES | W163: HR - SHARED | X163: BLANKET PURCHASE ORDER
A165: 416571 | C165: 42101 | F165: 30.97 | T165: BADGES/IDENTIFICATION EQ. | U165: SERVICE AWARDS | V165: CSCD | W165: CSCD-BASIC SUPERVISION | X165: BADGES/IDENTIFICATION EQ. | Y165: GT196E
...

Sheet hList_Frame_1
A1: =IF(ISBLANK('April 2015'!A2),"",IF(ISTEXT('April 2015'!A2),0,'April 2015'!A2)) -> 416559 | B1: =IF(ISBLANK('April 2015'!F2),"",IF(ISTEXT('April 2015'!F2),0,'April 2015'!F2)) -> 1655.63
A2: =IF(ISBLANK('April 2015'!A3),"",IF(ISTEXT('April 2015'!A3),0,'April 2015'!A3)) | B2: =IF(ISBLANK('April 2015'!F3),"",IF(ISTEXT('April 2015'!F3),0,'April 2015'!F3))
A3: =IF(ISBLANK('April 2015'!A4),"",IF(ISTEXT('April 2015'!A4),0,'April 2015'!A4)) | B3: =IF(ISBLANK('April 2015'!F4),"",IF(ISTEXT('April 2015'!F4),0,'April 2015'!F4))
A4: =IF(ISBLANK('April 2015'!A5),"",IF(ISTEXT('April 2015'!A5),0,'April 2015'!A5)) | B4: =IF(ISBLANK('April 2015'!F5),"",IF(ISTEXT('April 2015'!F5),0,'April 2015'!F5))
A5: =IF(ISBLANK('April 2015'!A6),"",IF(ISTEXT('April 2015'!A6),0,'April 2015'!A6)) | B5: =IF(ISBLANK('April 2015'!F6),"",IF(ISTEXT('April 2015'!F6),0,'April 2015'!F6)) -> 250.88
A6: =IF(ISBLANK('April 2015'!A7),"",IF(ISTEXT('April 2015'!A7),0,'April 2015'!A7)) -> 416914 | B6: =IF(ISBLANK('April 2015'!F7),"",IF(ISTEXT('April 2015'!F7),0,'April 2015'!F7)) -> 20
A7: =IF(ISBLANK('April 2015'!A8),"",IF(ISTEXT('April 2015'!A8),0,'April 2015'!A8)) | B7: =IF(ISBLANK('April 2015'!F8),"",IF(ISTEXT('April 2015'!F8),0,'April 2015'!F8)) -> 27.03
A8: =IF(ISBLANK('April 2015'!A9),"",IF(ISTEXT('April 2015'!A9),0,'April 2015'!A9)) | B8: =IF(ISBLANK('April 2015'!F9),"",IF(ISTEXT('April 2015'!F9),0,'April 2015'!F9)) -> 625.69
A9: =IF(ISBLANK('April 2015'!A10),"",IF(ISTEXT('April 2015'!A10),0,'April 2015'!A10)) | B9: =IF(ISBLANK('April 2015'!F10),"",IF(ISTEXT('April 2015'!F10),0,'April 2015'!F10))
A10: =IF(ISBLANK('April 2015'!A11),"",IF(ISTEXT('April 2015'!A11),0,'April 2015'!A11)) | B10: =IF(ISBLANK('April 2015'!F11),"",IF(ISTEXT('April 2015'!F11),0,'April 2015'!F11))
A11: =IF(ISBLANK('April 2015'!A12),"",IF(ISTEXT('April 2015'!A12),0,'April 2015'!A12)) | B11: =IF(ISBLANK('April 2015'!F12),"",IF(ISTEXT('April 2015'!F12),0,'April 2015'!F12))
A12: =IF(ISBLANK('April 2015'!A13),"",IF(ISTEXT('April 2015'!A13),0,'April 2015'!A13)) -> 417344 | B12: =IF(ISBLANK('April 2015'!F13),"",IF(ISTEXT('April 2015'!F13),0,'April 2015'!F13)) -> 586.28
... A21: =IF(ISBLANK('April 2015'!A22),"",IF(ISTEXT('April 2015'!A22),0,'April 2015'!A22)) | B21: =IF(ISBLANK('April 2015'!F22),"",IF(ISTEXT('April 2015'!F22),0,'April 2015'!F22))
A22: =IF(ISBLANK('April 2015'!A26),"",IF(ISTEXT('April 2015'!A26),0,'April 2015'!A26)) -> 416915 | B22: =IF(ISBLANK('April 2015'!F26),"",IF(ISTEXT('April 2015'!F26),0,'April 2015'!F26)) -> 195.84
A23: =IF(ISBLANK('April 2015'!A27),"",IF(ISTEXT('April 2015'!A27),0,'April 2015'!A27)) -> 417747 | B23: =IF(ISBLANK('April 2015'!F27),"",IF(ISTEXT('April 2015'!F27),0,'April 2015'!F27)) -> 4822.8
A24: =IF(ISBLANK('April 2015'!A28),"",IF(ISTEXT('April 2015'!A28),0,'April 2015'!A28)) | B24: =IF(ISBLANK('April 2015'!F28),"",IF(ISTEXT('April 2015'!F28),0,'April 2015'!F28))
A25: =IF(ISBLANK('April 2015'!A29),"",IF(ISTEXT('April 2015'!A29),0,'April 2015'!A29)) | B25: =IF(ISBLANK('April 2015'!F29),"",IF(ISTEXT('April 2015'!F29),0,'April 2015'!F29)) -> 289.14
A26: =IF(ISBLANK('April 2015'!A33),"",IF(ISTEXT('April 2015'!A33),0,'April 2015'!A33)) -> 417345 | B26: =IF(ISBLANK('April 2015'!F33),"",IF(ISTEXT('April 2015'!F33),0,'April 2015'!F33)) -> 1039.8
A27: =IF(ISBLANK('April 2015'!A34),"",IF(ISTEXT('April 2015'!A34),0,'April 2015'!A34)) | B27: =IF(ISBLANK('April 2015'!F34),"",IF(ISTEXT('April 2015'!F34),0,'April 2015'!F34)) -> 1142.4
A28: =IF(ISBLANK('April 2015'!A35),"",IF(ISTEXT('April 2015'!A35),0,'April 2015'!A35)) | B28: =IF(ISBLANK('April 2015'!F35),"",IF(ISTEXT('April 2015'!F35),0,'April 2015'!F35))
A29: =IF(ISBLANK('April 2015'!A36),"",IF(ISTEXT('April 2015'!A36),0,'April 2015'!A36)) -> 417748 | B29: =IF(ISBLANK('April 2015'!F36),"",IF(ISTEXT('April 2015'!F36),0,'April 2015'!F36)) -> 5525.5
A30: =IF(ISBLANK('April 2015'!A37),"",IF(ISTEXT('April 2015'!A37),0,'April 2015'!A37)) | B30: =IF(ISBLANK('April 2015'!F37),"",IF(ISTEXT('April 2015'!F37),0,'April 2015'!F37))
A31: =IF(ISBLANK('April 2015'!A41),"",IF(ISTEXT('April 2015'!A41),0,'April 2015'!A41)) -> 416560 | B31: =IF(ISBLANK('April 2015'!F41),"",IF(ISTEXT('April 2015'!F41),0,'April 2015'!F41)) -> 618.5
A32: =IF(ISBLANK('April 2015'!A45),"",IF(ISTEXT('April 2015'!A45),0,'April 2015'!A45)) -> 417749 | B32: =IF(ISBLANK('April 2015'!F45),"",IF(ISTEXT('April 2015'!F45),0,'April 2015'!F45)) -> 1800
A33: =IF(ISBLANK('April 2015'!A46),"",IF(ISTEXT('April 2015'!A46),0,'April 2015'!A46)) | B33: =IF(ISBLANK('April 2015'!F46),"",IF(ISTEXT('April 2015'!F46),0,'April 2015'!F46)) -> 750
A34: =IF(ISBLANK('April 2015'!A47),"",IF(ISTEXT('April 2015'!A47),0,'April 2015'!A47)) | B34: =IF(ISBLANK('April 2015'!F47),"",IF(ISTEXT('April 2015'!F47),0,'April 2015'!F47)) -> 750
A35: =IF(ISBLANK('April 2015'!A51),"",IF(ISTEXT('April 2015'!A51),0,'April 2015'!A51)) -> 416916 | B35: =IF(ISBLANK('April 2015'!F51),"",IF(ISTEXT('April 2015'!F51),0,'April 2015'!F51)) -> 10172.03
A36: =IF(ISBLANK('April 2015'!A52),"",IF(ISTEXT('April 2015'!A52),0,'April 2015'!A52)) | B36: =IF(ISBLANK('April 2015'!F52),"",IF(ISTEXT('April 2015'!F52),0,'April 2015'!F52))
A37: =IF(ISBLANK('April 2015'!A56),"",IF(ISTEXT('April 2015'!A56),0,'April 2015'!A56)) -> 416561 | B37: =IF(ISBLANK('April 2015'!F56),"",IF(ISTEXT('April 2015'!F56),0,'April 2015'!F56)) -> 1215.24
A38: =IF(ISBLANK('April 2015'!A57),"",IF(ISTEXT('April 2015'!A57),0,'April 2015'!A57)) -> 417750 | B38: =IF(ISBLANK('April 2015'!F57),"",IF(ISTEXT('April 2015'!F57),0,'April 2015'!F57)) -> 3198
A39: =IF(ISBLANK('April 2015'!A61),"",IF(ISTEXT('April 2015'!A61),0,'April 2015'!A61)) -> 416562 | B39: =IF(ISBLANK('April 2015'!F61),"",IF(ISTEXT('April 2015'!F61),0,'April 2015'!F61)) -> 340
A40: =IF(ISBLANK('April 2015'!A62),"",IF(ISTEXT('April 2015'!A62),0,'April 2015'!A62)) | B40: =IF(ISBLANK('April 2015'!F62),"",IF(ISTEXT('April 2015'!F62),0,'April 2015'!F62))
A41: =IF(ISBLANK('April 2015'!A63),"",IF(ISTEXT('April 2015'!A63),0,'April 2015'!A63)) | B41: =IF(ISBLANK('April 2015'!F63),"",IF(ISTEXT('April 2015'!F63),0,'April 2015'!F63))
A42: =IF(ISBLANK('April 2015'!A67),"",IF(ISTEXT('April 2015'!A67),0,'April 2015'!A67)) -> 416563 | B42: =IF(ISBLANK('April 2015'!F67),"",IF(ISTEXT('April 2015'!F67),0,'April 2015'!F67)) -> 175
A43: =IF(ISBLANK('April 2015'!A71),"",IF(ISTEXT('April 2015'!A71),0,'April 2015'!A71)) -> 416564 | B43: =IF(ISBLANK('April 2015'!F71),"",IF(ISTEXT('April 2015'!F71),0,'April 2015'!F71)) -> 102.3
A44: =IF(ISBLANK('April 2015'!A72),"",IF(ISTEXT('April 2015'!A72),0,'April 2015'!A72)) -> 416565 | B44: =IF(ISBLANK('April 2015'!F72),"",IF(ISTEXT('April 2015'!F72),0,'April 2015'!F72)) -> 54.4
A45: =IF(ISBLANK('April 2015'!A76),"",IF(ISTEXT('April 2015'!A76),0,'April 2015'!A76)) -> 416566 | B45: =IF(ISBLANK('April 2015'!F76),"",IF(ISTEXT('April 2015'!F76),0,'April 2015'!F76)) -> 50
A46: =IF(ISBLANK('April 2015'!A77),"",IF(ISTEXT('April 2015'!A77),0,'April 2015'!A77)) -> 416917 | B46: =IF(ISBLANK('April 2015'!F77),"",IF(ISTEXT('April 2015'!F77),0,'April 2015'!F77)) -> 4285.01
A47: =IF(ISBLANK('April 2015'!A78),"",IF(ISTEXT('April 2015'!A78),0,'April 2015'!A78)) | B47: =IF(ISBLANK('April 2015'!F78),"",IF(ISTEXT('April 2015'!F78),0,'April 2015'!F78))
A48: =IF(ISBLANK('April 2015'!A79),"",IF(ISTEXT('April 2015'!A79),0,'April 2015'!A79)) -> 417346 | B48: =IF(ISBLANK('April 2015'!F79),"",IF(ISTEXT('April 2015'!F79),0,'April 2015'!F79)) -> 11642.39
A49: =IF(ISBLANK('April 2015'!A80),"",IF(ISTEXT('April 2015'!A80),0,'April 2015'!A80)) | B49: =IF(ISBLANK('April 2015'!F80),"",IF(ISTEXT('April 2015'!F80),0,'April 2015'!F80))
A50: =IF(ISBLANK('April 2015'!A81),"",IF(ISTEXT('April 2015'!A81),0,'April 2015'!A81)) | B50: =IF(ISBLANK('April 2015'!F81),"",IF(ISTEXT('April 2015'!F81),0,'April 2015'!F81)) -> 137
A51: =IF(ISBLANK('April 2015'!A82),"",IF(ISTEXT('April 2015'!A82),0,'April 2015'!A82)) | B51: =IF(ISBLANK('April 2015'!F82),"",IF(ISTEXT('April 2015'!F82),0,'April 2015'!F82))
A52: =IF(ISBLANK('April 2015'!A83),"",IF(ISTEXT('April 2015'!A83),0,'April 2015'!A83)) | B52: =IF(ISBLANK('April 2015'!F83),"",IF(ISTEXT('April 2015'!F83),0,'April 2015'!F83))
A53: =IF(ISBLANK('April 2015'!A84),"",IF(ISTEXT('April 2015'!A84),0,'April 2015'!A84)) -> 417751 | B53: =IF(ISBLANK('April 2015'!F84),"",IF(ISTEXT('April 2015'!F84),0,'April 2015'!F84)) -> 177
A54: =IF(ISBLANK('April 2015'!A88),"",IF(ISTEXT('April 2015'!A88),0,'April 2015'!A88)) -> 416567 | B54: =IF(ISBLANK('April 2015'!F88),"",IF(ISTEXT('April 2015'!F88),0,'April 2015'!F88)) -> 63.19
A55: =IF(ISBLANK('April 2015'!A89),"",IF(ISTEXT('April 2015'!A89),0,'April 2015'!A89)) | B55: =IF(ISBLANK('April 2015'!F89),"",IF(ISTEXT('April 2015'!F89),0,'April 2015'!F89)) -> 178.09
A56: =IF(ISBLANK('April 2015'!A90),"",IF(ISTEXT('April 2015'!A90),0,'April 2015'!A90)) -> 417752 | B56: =IF(ISBLANK('April 2015'!F90),"",IF(ISTEXT('April 2015'!F90),0,'April 2015'!F90)) -> 569.32
A57: =IF(ISBLANK('April 2015'!A94),"",IF(ISTEXT('April 2015'!A94),0,'April 2015'!A94)) -> 417347 | B57: =IF(ISBLANK('April 2015'!F94),"",IF(ISTEXT('April 2015'!F94),0,'April 2015'!F94)) -> 2.98
A58: =IF(ISBLANK('April 2015'!A95),"",IF(ISTEXT('April 2015'!A95),0,'April 2015'!A95)) | B58: =IF(ISBLANK('April 2015'!F95),"",IF(ISTEXT('April 2015'!F95),0,'April 2015'!F95)) -> 6.28
A59: =IF(ISBLANK('April 2015'!A99),"",IF(ISTEXT('April 2015'!A99),0,'April 2015'!A99)) -> 416568 | B59: =IF(ISBLANK('April 2015'!F99),"",IF(ISTEXT('April 2015'!F99),0,'April 2015'!F99)) -> 725.55
A60: =IF(ISBLANK('April 2015'!A100),"",IF(ISTEXT('April 2015'!A100),0,'April 2015'!A100)) | B60: =IF(ISBLANK('April 2015'!F100),"",IF(ISTEXT('April 2015'!F100),0,'April 2015'!F100))
A61: =IF(ISBLANK('April 2015'!A101),"",IF(ISTEXT('April 2015'!A101),0,'April 2015'!A101)) | B61: =IF(ISBLANK('April 2015'!F101),"",IF(ISTEXT('April 2015'!F101),0,'April 2015'!F101)) -> 677.9
A62: =IF(ISBLANK('April 2015'!A102),"",IF(ISTEXT('April 2015'!A102),0,'April 2015'!A102)) | B62: =IF(ISBLANK('April 2015'!F102),"",IF(ISTEXT('April 2015'!F102),0,'April 2015'!F102))
A63: =IF(ISBLANK('April 2015'!A103),"",IF(ISTEXT('April 2015'!A103),0,'April 2015'!A103)) | B63: =IF(ISBLANK('April 2015'!F103),"",IF(ISTEXT('April 2015'!F103),0,'April 2015'!F103)) -> 272.58
A64: =IF(ISBLANK('April 2015'!A104),"",IF(ISTEXT('April 2015'!A104),0,'April 2015'!A104)) | B64: =IF(ISBLANK('April 2015'!F104),"",IF(ISTEXT('April 2015'!F104),0,'April 2015'!F104))
A65: =IF(ISBLANK('April 2015'!A105),"",IF(ISTEXT('April 2015'!A105),0,'April 2015'!A105)) | B65: =IF(ISBLANK('April 2015'!F105),"",IF(ISTEXT('April 2015'!F105),0,'April 2015'!F105)) -> 46.74
A66: =IF(ISBLANK('April 2015'!A106),"",IF(ISTEXT('April 2015'!A106),0,'April 2015'!A106)) -> 416918 | B66: =IF(ISBLANK('April 2015'!F106),"",IF(ISTEXT('April 2015'!F106),0,'April 2015'!F106)) -> 3106.39
A67: =IF(ISBLANK('April 2015'!A107),"",IF(ISTEXT('April 2015'!A107),0,'April 2015'!A107)) | B67: =IF(ISBLANK('April 2015'!F107),"",IF(ISTEXT('April 2015'!F107),0,'April 2015'!F107))
A68: =IF(ISBLANK('April 2015'!A108),"",IF(ISTEXT('April 2015'!A108),0,'April 2015'!A108)) | B68: =IF(ISBLANK('April 2015'!F108),"",IF(ISTEXT('April 2015'!F108),0,'April 2015'!F108))
A69: =IF(ISBLANK('April 2015'!A109),"",IF(ISTEXT('April 2015'!A109),0,'April 2015'!A109)) | B69: =IF(ISBLANK('April 2015'!F109),"",IF(ISTEXT('April 2015'!F109),0,'April 2015'!F109)) -> 677.28
A70: =IF(ISBLANK('April 2015'!A110),"",IF(ISTEXT('April 2015'!A110),0,'April 2015'!A110)) | B70: =IF(ISBLANK('April 2015'!F110),"",IF(ISTEXT('April 2015'!F110),0,'April 2015'!F110))
... A86: =IF(ISBLANK('April 2015'!A126),"",IF(ISTEXT('April 2015'!A126),0,'April 2015'!A126)) | B86: =IF(ISBLANK('April 2015'!F126),"",IF(ISTEXT('April 2015'!F126),0,'April 2015'!F126)) -> 58.76
A87: =IF(ISBLANK('April 2015'!A130),"",IF(ISTEXT('April 2015'!A130),0,'April 2015'!A130)) -> 417754 | B87: =IF(ISBLANK('April 2015'!F130),"",IF(ISTEXT('April 2015'!F130),0,'April 2015'!F130)) -> 7
A88: =IF(ISBLANK('April 2015'!A131),"",IF(ISTEXT('April 2015'!A131),0,'April 2015'!A131)) -> 417755 | B88: =IF(ISBLANK('April 2015'!F131),"",IF(ISTEXT('April 2015'!F131),0,'April 2015'!F131)) -> 5
A89: =IF(ISBLANK('April 2015'!A135),"",IF(ISTEXT('April 2015'!A135),0,'April 2015'!A135)) -> 417349 | B89: =IF(ISBLANK('April 2015'!F135),"",IF(ISTEXT('April 2015'!F135),0,'April 2015'!F135)) -> 1066.37
A90: =IF(ISBLANK('April 2015'!A139),"",IF(ISTEXT('April 2015'!A139),0,'April 2015'!A139)) -> 416569 | B90: =IF(ISBLANK('April 2015'!F139),"",IF(ISTEXT('April 2015'!F139),0,'April 2015'!F139)) -> 355
A91: =IF(ISBLANK('April 2015'!A140),"",IF(ISTEXT('April 2015'!A140),0,'April 2015'!A140)) | B91: =IF(ISBLANK('April 2015'!F140),"",IF(ISTEXT('April 2015'!F140),0,'April 2015'!F140))
A92: =IF(ISBLANK('April 2015'!A141),"",IF(ISTEXT('April 2015'!A141),0,'April 2015'!A141)) | B92: =IF(ISBLANK('April 2015'!F141),"",IF(ISTEXT('April 2015'!F141),0,'April 2015'!F141))
A93: =IF(ISBLANK('April 2015'!A142),"",IF(ISTEXT('April 2015'!A142),0,'April 2015'!A142)) | B93: =IF(ISBLANK('April 2015'!F142),"",IF(ISTEXT('April 2015'!F142),0,'April 2015'!F142))
A94: =IF(ISBLANK('April 2015'!A143),"",IF(ISTEXT('April 2015'!A143),0,'April 2015'!A143)) | B94: =IF(ISBLANK('April 2015'!F143),"",IF(ISTEXT('April 2015'!F143),0,'April 2015'!F143))
A95: =IF(ISBLANK('April 2015'!A144),"",IF(ISTEXT('April 2015'!A144),0,'April 2015'!A144)) -> 416919 | B95: =IF(ISBLANK('April 2015'!F144),"",IF(ISTEXT('April 2015'!F144),0,'April 2015'!F144)) -> 15.38
A96: =IF(ISBLANK('April 2015'!A145),"",IF(ISTEXT('April 2015'!A145),0,'April 2015'!A145)) -> 417756 | B96: =IF(ISBLANK('April 2015'!F145),"",IF(ISTEXT('April 2015'!F145),0,'April 2015'!F145)) -> 142
A97: =IF(ISBLANK('April 2015'!A146),"",IF(ISTEXT('April 2015'!A146),0,'April 2015'!A146)) | B97: =IF(ISBLANK('April 2015'!F146),"",IF(ISTEXT('April 2015'!F146),0,'April 2015'!F146))
A98: =IF(ISBLANK('April 2015'!A147),"",IF(ISTEXT('April 2015'!A147),0,'April 2015'!A147)) | B98: =IF(ISBLANK('April 2015'!F147),"",IF(ISTEXT('April 2015'!F147),0,'April 2015'!F147)) -> 27.66
A99: =IF(ISBLANK('April 2015'!A151),"",IF(ISTEXT('April 2015'!A151),0,'April 2015'!A151)) -> 416888 | B99: =IF(ISBLANK('April 2015'!F151),"",IF(ISTEXT('April 2015'!F151),0,'April 2015'!F151)) -> 220
A100: =IF(ISBLANK('April 2015'!A155),"",IF(ISTEXT('April 2015'!A155),0,'April 2015'!A155)) -> 416920 | B100: =IF(ISBLANK('April 2015'!F155),"",IF(ISTEXT('April 2015'!F155),0,'April 2015'!F155)) -> 425
A101: =IF(ISBLANK('April 2015'!A159),"",IF(ISTEXT('April 2015'!A159),0,'April 2015'!A159)) -> 416921 | B101: =IF(ISBLANK('April 2015'!F159),"",IF(ISTEXT('April 2015'!F159),0,'April 2015'!F159)) -> 1800
A102: =IF(ISBLANK('April 2015'!A163),"",IF(ISTEXT('April 2015'!A163),0,'April 2015'!A163)) -> 416570 | B102: =IF(ISBLANK('April 2015'!F163),"",IF(ISTEXT('April 2015'!F163),0,'April 2015'!F163)) -> 177.15
A103: =IF(ISBLANK('April 2015'!A164),"",IF(ISTEXT('April 2015'!A164),0,'April 2015'!A164)) | B103: =IF(ISBLANK('April 2015'!F164),"",IF(ISTEXT('April 2015'!F164),0,'April 2015'!F164))
A104: =IF(ISBLANK('April 2015'!A165),"",IF(ISTEXT('April 2015'!A165),0,'April 2015'!A165)) -> 416571 | B104: =IF(ISBLANK('April 2015'!F165),"",IF(ISTEXT('April 2015'!F165),0,'April 2015'!F165)) -> 30.97
A105: =IF(ISBLANK('April 2015'!A166),"",IF(ISTEXT('April 2015'!A166),0,'April 2015'!A166)) -> 417350 | B105: =IF(ISBLANK('April 2015'!F166),"",IF(ISTEXT('April 2015'!F166),0,'April 2015'!F166)) -> 56.53
A106: =IF(ISBLANK('April 2015'!A170),"",IF(ISTEXT('April 2015'!A170),0,'April 2015'!A170)) -> 417351 | B106: =IF(ISBLANK('April 2015'!F170),"",IF(ISTEXT('April 2015'!F170),0,'April 2015'!F170)) -> 1570
A107: =IF(ISBLANK('April 2015'!A174),"",IF(ISTEXT('April 2015'!A174),0,'April 2015'!A174)) -> 416572 | B107: =IF(ISBLANK('April 2015'!F174),"",IF(ISTEXT('April 2015'!F174),0,'April 2015'!F174)) -> 185
A108: =IF(ISBLANK('April 2015'!A178),"",IF(ISTEXT('April 2015'!A178),0,'April 2015'!A178)) -> 417352 | B108: =IF(ISBLANK('April 2015'!F178),"",IF(ISTEXT('April 2015'!F178),0,'April 2015'!F178)) -> 348.1
A109: =IF(ISBLANK('April 2015'!A182),"",IF(ISTEXT('April 2015'!A182),0,'April 2015'!A182)) -> 416922 | B109: =IF(ISBLANK('April 2015'!F182),"",IF(ISTEXT('April 2015'!F182),0,'April 2015'!F182)) -> 130
A110: =IF(ISBLANK('April 2015'!A183),"",IF(ISTEXT('April 2015'!A183),0,'April 2015'!A183)) -> 417757 | B110: =IF(ISBLANK('April 2015'!F183),"",IF(ISTEXT('April 2015'!F183),0,'April 2015'!F183)) -> 124.1
A111: =IF(ISBLANK('April 2015'!A187),"",IF(ISTEXT('April 2015'!A187),0,'April 2015'!A187)) -> 417758 | B111: =IF(ISBLANK('April 2015'!F187),"",IF(ISTEXT('April 2015'!F187),0,'April 2015'!F187)) -> 2126.5
A112: =IF(ISBLANK('April 2015'!A191),"",IF(ISTEXT('April 2015'!A191),0,'April 2015'!A191)) -> 416573 | B112: =IF(ISBLANK('April 2015'!F191),"",IF(ISTEXT('April 2015'!F191),0,'April 2015'!F191)) -> 550
A113: =IF(ISBLANK('April 2015'!A192),"",IF(ISTEXT('April 2015'!A192),0,'April 2015'!A192)) | B113: =IF(ISBLANK('April 2015'!F192),"",IF(ISTEXT('April 2015'!F192),0,'April 2015'!F192))
A114: =IF(ISBLANK('April 2015'!A193),"",IF(ISTEXT('April 2015'!A193),0,'April 2015'!A193)) -> 416923 | B114: =IF(ISBLANK('April 2015'!F193),"",IF(ISTEXT('April 2015'!F193),0,'April 2015'!F193)) -> 325
A115: =IF(ISBLANK('April 2015'!A194),"",IF(ISTEXT('April 2015'!A194),0,'April 2015'!A194)) -> 417759 | B115: =IF(ISBLANK('April 2015'!F194),"",IF(ISTEXT('April 2015'!F194),0,'April 2015'!F194)) -> 325
A116: =IF(ISBLANK('April 2015'!A198),"",IF(ISTEXT('April 2015'!A198),0,'April 2015'!A198)) -> 416577 | B116: =IF(ISBLANK('April 2015'!F198),"",IF(ISTEXT('April 2015'!F198),0,'April 2015'!F198)) -> 3813.2
A117: =IF(ISBLANK('April 2015'!A199),"",IF(ISTEXT('April 2015'!A199),0,'April 2015'!A199)) | B117: =IF(ISBLANK('April 2015'!F199),"",IF(ISTEXT('April 2015'!F199),0,'April 2015'!F199))
A118: =IF(ISBLANK('April 2015'!A200),"",IF(ISTEXT('April 2015'!A200),0,'April 2015'!A200)) | B118: =IF(ISBLANK('April 2015'!F200),"",IF(ISTEXT('April 2015'!F200),0,'April 2015'!F200))
A119: =IF(ISBLANK('April 2015'!A201),"",IF(ISTEXT('April 2015'!A201),0,'April 2015'!A201)) | B119: =IF(ISBLANK('April 2015'!F201),"",IF(ISTEXT('April 2015'!F201),0,'April 2015'!F201))
A120: =IF(ISBLANK('April 2015'!A202),"",IF(ISTEXT('April 2015'!A202),0,'April 2015'!A202)) | B120: =IF(ISBLANK('April 2015'!F202),"",IF(ISTEXT('April 2015'!F202),0,'April 2015'!F202))
A121: =IF(ISBLANK('April 2015'!A203),"",IF(ISTEXT('April 2015'!A203),0,'April 2015'!A203)) | B121: =IF(ISBLANK('April 2015'!F203),"",IF(ISTEXT('April 2015'!F203),0,'April 2015'!F203))
A122: =IF(ISBLANK('April 2015'!A204),"",IF(ISTEXT('April 2015'!A204),0,'April 2015'!A204)) | B122: =IF(ISBLANK('April 2015'!F204),"",IF(ISTEXT('April 2015'!F204),0,'April 2015'!F204))
A123: =IF(ISBLANK('April 2015'!A205),"",IF(ISTEXT('April 2015'!A205),0,'April 2015'!A205)) | B123: =IF(ISBLANK('April 2015'!F205),"",IF(ISTEXT('April 2015'!F205),0,'April 2015'!F205))
...
